AoeStats
← Luigi

Migration

510239953Analyzed
1v1 RM · 2d ago on Sep 30, 2026· 27m 49s· 2 players
Game mode
Random Map
Map size
132×132
Population
200
Speed
Normal
Resources
Standard
Victory
Conquest
Starting age
Dark Age
Ending age
Imperial Age
RankedLock teamsTeams togetherTeam positionsShared explorationLock speedFull tech treeHidden civsTurbo modeCheats
Victory
Defeat
🇺🇸 Cumans · United States
1163
+14
🇲🇽 Aztecs · Mexico
1121
-14
Lehisan
10:10 Feudal Age
11:46 Double-Bit Axe
20:09 Castle Age
18:14 Gold Mining
18:18 Stone Mining
18:34 Loom
20:30 Eagle Warrior
21:57 Wheelbarrow
21:40 Pikeman
22:35 Squires
23:03 Forging
22:53 Scale Mail Armor
Luigi
8:57 Loom
12:29 Feudal Age
13:32 Double-Bit Axe
14:30 Wheelbarrow
14:15 Town Watch
15:17 Horse Collar
21:37 Castle Age
19:52 Bloodlines
21:49 Forging
22:24 Scale Barding Armor
22:18 Stone Mining
22:42 Heavy Plow
23:12 Bow Saw
22:47 Light Cavalry
24:39 Chain Barding Armor
24:33 Capped Ram
26:23 Iron Casting
27:08 Fletching
Connection lost

Rejoining the realm…

Still unreachable

The connection could not be restored.

Session expired

The server has moved on; the page needs a fresh start.